 Dungeon Crawl Stone Soup version 0.28-a0-695-gff097466f2 (webtiles) character file.

Game seed: 17163116953882340087

67 funkygono the Firebug (level 4, -4/24 HPs)
             Began as a Gargoyle Fire Elementalist on Oct 22, 2021.
             Slain by a gnoll (5 damage)
             ... on level 2 of the Dungeon.
             The game lasted 00:03:00 (1999 turns).

funkygono the Firebug (Gargoyle Fire Elementalist)  Turns: 1999, Time: 00:03:00

Health: -4/24      AC:  5    Str: 11    XL:     4   Next: 18%
Magic:  1/7        EV: 12    Int: 17    God:
Gold:   101        SH:  0    Dex: 10    Spells: 2/8 levels left

rFire   . . .      SeeInvis .   g - +0 whip
rCold   . . .      Faith    .   (no shield)
rNeg    + . .      Spirit   .   a - +0 robe
rPois   ∞          Reflect  .   (no helmet)
rElec   +          Harm     .   (no cloak)
rCorr   .          Rampage  .   (no gloves)
Will    .....                   (no boots)
Stlth   ++........              (no amulet)
HPRegen 0.08/turn               (no ring)
MPRegen 0.10/turn               (no ring)

@: no status effects
A: sickness immunity, AC +3, negative energy resistance 1, electricity
resistance, torment resistance 1, petrification resistance
a: no special abilities


You were on level 2 of the Dungeon.
You visited 1 branch of the dungeon, and saw 2 of its levels.

You collected 101 gold pieces.

Inventory:

Hand Weapons
 g - a +0 whip (weapon)
Armour
 a - a +0 robe (worn)
 b - a +0 leather armour
Magical Staves
 e - a staff of earth
Scrolls
 f - a scroll of amnesia
Potions
 d - a potion of curing


   Skills:
 + Level 0.5 Fighting
 + Level 1.9 Dodging
 - Level 2.1 Stealth
 * Level 2.5 Spellcasting
 * Level 2.7 Conjurations
 * Level 3.4 Fire Magic


You had 2 spell levels left.
You knew the following spells:

 Your Spells              Type           Power      Damage    Failure   Level
a - Foxfire               Conj/Fire      48%        2x1d6     5%          1
b - Scorch                Fire           28%        2d6       7%          2
c - Conjure Flame         Conj/Fire      12%        6-21      16%         3

Your spell library contained the following spells:

 Spells                   Type           Power      Damage    Failure   Level
 Slow                     Hex            2%         N/A       28%         2
 Inner Flame              Hex/Fire       8%         N/A       26%         3
 Flame Wave               Conj/Fire      12%        3d4       45%         4
 Confusing Touch          Hex            2%         N/A       50%         3
 Vampiric Draining        Necr           1%         2d6       50%         3


Dungeon Overview and Level Annotations

Branches:
Dungeon (2/15)

Altars:


Innate Abilities, Weirdness & Mutations

You are immune to sickness and miasma.
Your stone body is resilient. (AC +3)
You are immune to poison.
You resist negative energy. (rN+)
You are resistant to electric shocks. (rElec)
You are resistant to unholy torment.
You are immune to petrification.


Message History

The bat is severely wounded.
The bat hits you but does no damage. The gnoll closely misses you.
Your foxfire dissipates!
The foxfire hits the bat.
You kill the bat!
Casting: Foxfire (safe; 5% risk of failure)
Confirm with . or Enter, or press ? or * to list all spells.
You conjure some foxfire!
The gnoll hits you from afar with a +0 halberd!
The goblin closely misses you.
Unknown command.
The foxfire hits the gnoll.
The gnoll is heavily wounded.
The foxfire hits the goblin.
You kill the goblin!
The gnoll throws a throwing net.
The throwing net hits you.
You become entangled in the net!
You see here a throwing net.
You tear a large gash into the net.
You struggle against the net.
The gnoll hits you but does no damage.
You rip the net and break free!
The gnoll closely misses you.
The gnoll throws a throwing net.
The throwing net hits you.
You become entangled in the net!
You tear a large gash into the net.
The gnoll hits you from afar with a +0 spear.
The endoplasm hits you.
Unknown command.
You struggle against the net.
The gnoll hits you from afar with a +0 spear.
The endoplasm hits you but does no damage.
The gnoll hits you with a +0 flail.
* * * LOW HITPOINT WARNING * * *
The gnoll barely misses you.
You rip the net and break free!
The gnoll barely misses you. The endoplasm barely misses you.
The hobgoblin misses you. The gnoll closely misses you. The gnoll misses you.
The hobgoblin hits you.
* * * LOW HITPOINT WARNING * * *
The gnoll hits you from afar with a +0 spear.
You die...

....####..#.##.........#
..J..............###.....#
..............#####..#...#
.... .........####..######
..... #........##..##
.....##........##.##
...............#..#
............g..#.##
#...)gJ@.#.#####
#####gg........#
##...>.....# #.........#
###########


You could see 3 gnolls, an endoplasm and a hobgoblin.

Vanquished Creatures
  A gnoll (D:2)
  An adder (D:2)
  A dart slug (D:1)
  2 endoplasms (D:1)
  3 giant cockroaches (D:1)
  6 goblins
  5 hobgoblins (D:1)
  6 jackals (D:1)
  A kobold (D:1)
  3 quokkas (D:1)
  6 ball pythons
  2 bats
  2 frilled lizards (D:1)
  2 rats (D:1)
41 creatures vanquished.

Vanquished Creatures (collateral kills)
  5 foxfires (D:2)
5 creatures vanquished.

Vanquished Creatures (others)
  106 foxfires
  3 plants (D:2)
109 creatures vanquished.

Grand Total: 155 creatures vanquished

Notes
Turn   | Place    | Note
-------+----------+-------------------------------------------
     0 | D:1      | funkygono the Gargoyle Fire Elementalist began the quest
                  | for the Orb.
     0 | D:1      | Reached XP level 1. HP: 10/10 MP: 3/3
   386 | D:1      | Reached XP level 2. HP: 15/15 MP: 0/5
   691 | D:1      | Learned a level 2 spell: Scorch
   781 | D:1      | Reached XP level 3. HP: 20/20 MP: 3/6
  1722 | D:1      | Learned a level 3 spell: Conjure Flame
  1879 | D:2      | Reached XP level 4. HP: 22/24 MP: 0/7
  1999 | D:2      | HP: 1/24 [hobgoblin (4)]
  1999 | D:2      | Slain by a gnoll

Illustrated notes

Levels and vault maps discovered:
D:1:      elethiomel_arrival_infinity_welcomes_careful_drivers,
          layout_loops_cross, hangedman_abyss_or_decor_stabs,
          minmay_misc_feat_ornament
D:2:      layout_rooms, serial_bayou_lagoon_a, st_stairs_3,
          mrwooster_statue_mirror, chequers_jeans, chequers_serial_rivers_marsh

Skill      XL: |  1  2  3 |
---------------+----------+-----
Conjurations   | 2 |  2.7
Fighting       | |  0.5
Dodging        | |  1.9
Stealth        | |  2.1
Spellcasting   | |  2.5
Fire Magic     | |  3.4

Action                   |  1- 3 |  4- 6 || total
-------------------------+-------+-------++-------
Melee: Club              |    17 |       ||    17
       Unarmed           |     4 |       ||     4
 Cast: Foxfire           |    63 |     7 ||    70
       Scorch            |     1 |       ||     1
  Use: Scroll            |     1 |       ||     1
Armor: Robe              |    18 |     4 ||    22
Dodge: Dodged            |    14 |    12 ||    26

Table legend: (Time is in decaauts)
 A = Elapsed time spent in this place.
 B = Non-inter-level travel time spent in this place.
 C = Inter-level travel time spent in this place.
 D = Time resting spent in this place.
 E = Time spent auto-exploring this place.
 F = Levels seen in this place.
 G = Mean time per level.
                   A        B        C        D        E       F      G
               +--------+--------+--------+--------+--------+-----+--------+
         Total |   2004 |   1985 |     19 |     39 |   1617 |   2 | 1002.0 |
       Dungeon |   2004 |   1985 |     19 |     39 |   1617 |   2 | 1002.0 |
               +--------+--------+--------+--------+--------+-----+--------+

Top non-repeatable levels by time:
     D:1: 1745 daAuts
     D:2: 259 daAuts
